 Dungeon Crawl Stone Soup version 0.28.0 (webtiles) character file.

Game seed: 909962611458178309

270 Anon1729 the Insei (level 6, -7/38 HPs)
             Began as an Octopode Transmuter on Feb 15, 2022.
             Killed by divine providence
             ... invoked by an orc priest
              (11 damage)
             ... on level 4 of the Dungeon.
             The game lasted 00:02:54 (3535 turns).

Anon1729 the Insei (Octopode Transmuter)            Turns: 3535, Time: 00:02:54

Health: -7/38      AC:  1    Str:  9    XL:     6   Next: 22%
Magic:  9/9        EV: 13    Int: 18    God:
Gold:   108        SH:  0    Dex: 12    Spells: 8/9 levels left

rFire   . . .      SeeInvis .   b - +7 short sword "Pukufathum" {spect, Will+}
rCold   . . .      Faith    .   (no shield)
rNeg    . . .      Spirit   .   (helmet restricted)
rPois   .          Reflect  .   (no amulet)
rElec   .          Harm     .   (no ring)
rCorr   .          Rampage  .   (no ring)
Will    +....                   (no ring)
Stlth   ++........              (no ring)
HPRegen 0.12/turn               (no ring)
MPRegen 0.11/turn               (no ring)
                                (no ring)
                                (no ring)

@: no status effects
A: almost no armour, amphibious, 8 rings, camouflage 1, gelatinous body 1,
(nimble swimmer 1), tentacles
a: no special abilities


You were on level 4 of the Dungeon.
You visited 1 branch of the dungeon, and saw 4 of its levels.

You collected 108 gold pieces.

Inventory:

Hand Weapons
 b - the +7 short sword "Pukufathum" (weapon) {spect, Will+}
   (You found it on level 2 of the Dungeon)

   When its wielder attacks, the weapon's spirit leaps out and strikes again.
   The spirit shares a part of any damage it takes with its wielder.
   Will:      It increases your willpower.
Jewellery
 i - the amulet "Suceliad" {Reflect Dex+4 SH+5}
   (You found it on level 3 of the Dungeon)

   [amulet of reflection]

   It reflects blocked missile attacks.
   Dex:       It affects your dexterity (+4).
   SH:        It affects your SH (+5).
Scrolls
 c - 2 scrolls of identify {unknown}
 d - a scroll of teleportation {unknown}
 h - a scroll of summoning {unknown}
Potions
 a - 2 potions of resistance {unknown}
 e - a potion of lignification {unknown}
 f - a potion of brilliance {unknown}
 g - 2 potions of curing {unknown}
 j - a potion of flight {unknown}


   Skills:
 - Level 1.4 Fighting
 - Level 2.2 Dodging
 + Level 6.3 Unarmed Combat
 - Level 2.2 Spellcasting
 - Level 2.2 Transmutations


You had 8 spell levels left.
You knew the following spells:

 Your Spells              Type           Power      Damage    Failure   Level
a - Beastly Appendage     Tmut           20%        N/A       7%          1

Your spell library contained the following spells:

 Spells                   Type           Power      Damage    Failure   Level
 Wereblood                Tmut           10%        N/A       11%         2
 Corpse Rot               Necr/Air       2%         N/A       26%         2
 Spider Form              Tmut/Pois      6%         N/A       32%         3
 Ice Form                 Ice/Tmut       6%         N/A       73%         4
 Dispel Undead            Necr           1%         3d6       87%         4
 Death Channel            Necr           0%         N/A       100%        6


Dungeon Overview and Level Annotations

Branches:
Dungeon (4/15)
 Temple: D:4-7

Altars:


Innate Abilities, Weirdness & Mutations

You cannot wear most types of armour.
You are amphibious.
You can wear up to eight rings at the same time.
Your skin changes colour to match your surroundings (Stealth+).
Your rubbery body absorbs attacks. (AC +1, EV +1)
((You are camouflaged when in or above water. (Stealth+)))
You have tentacles for arms and can constrict up to eight enemies at once.


Message History

The orc wizard hits your +7 short sword "Pukufathum" {spect, Will+} but does no damage.
The wight hits your +7 short sword "Pukufathum" {spect, Will+} with a +5 falchion of freezing!
Your spectral weapon shares its damage with you!
The wight freezes your +7 short sword "Pukufathum" {spect, Will+}.
A ball python comes into view.
The ball python hisses angrily.
You puncture the orc wizard! Your grab misses the orc wizard.
Your squeeze misses the orc wizard.
The orc wizard is severely wounded.
Your +7 short sword "Pukufathum" {spect, Will+} hits the orc wizard!
You kill the orc wizard!
The wight hits you with a +5 falchion of freezing.
You feel drained. The wight freezes you.
Your life force feels restored.
Your Unarmed Combat skill increases to level 6!
You have reached level 6!
You are too injured to fight recklessly!
You are too injured to fight recklessly!
You are too injured to fight recklessly!
You hit the wight but do no damage. Your grab misses the wight.
Your +7 short sword "Pukufathum" {spect, Will+} hits the wight!
The wight barely misses you.
You puncture the wight! You grab the wight.
The wight is almost destroyed.
Your +7 short sword "Pukufathum" {spect, Will+} hits the wight but does no damage.
You constrict the wight, but do no damage.
The orc priest miscasts a cantrip.
The wight hits you with a +5 falchion of freezing!
* * * LOW HITPOINT WARNING * * *
You feel drained.
* * * LOW HITPOINT WARNING * * *
The wight freezes you.
* * * LOW HITPOINT WARNING * * *
Unknown command.
You hit the wight.
You destroy the wight!
Your life force feels restored.
The orc priest mumbles some strange prayers to Beogh against you.
Beogh smites you!
You die...

..≈...≈..........###..#
.........z##.###..#...z
....o.....##........#..
...oo.....##.#####.##..
..≈o..≈..# #.##..
#.o......# #...>.
#########o# ####..
........).# ...
..###.S@### ### #.###
#. #


You could see an orc priest and a ball python.

Vanquished Creatures
  2 wights (D:4)
  An orc priest (D:3)
  Natasha (D:2)
  2 orc wizards (D:4)
  2 adders (D:2)
  3 worms
  A dart slug (D:1)
  4 orcs
  5 bats
  4 endoplasms (D:1)
  A giant cockroach (D:3)
  3 goblins
  3 hobgoblins
  6 kobolds
  3 quokkas (D:1)
  8 ball pythons
  8 rats
57 creatures vanquished.

Notes
Turn   | Place    | Note
-------+----------+-------------------------------------------
     0 | D:1      | Anon1729 the Octopode Transmuter began the quest for the
                  | Orb.
     0 | D:1      | Reached XP level 1. HP: 13/13 MP: 3/3
   494 | D:1      | Reached XP level 2. HP: 18/18 MP: 1/5
  1094 | D:1      | Reached XP level 3. HP: 23/23 MP: 4/6
  1805 | D:2      | Found a faded altar of an unknown god.
  1875 | D:2      | Reached skill level 4 in Unarmed Combat
  1918 | D:2      | Noticed Natasha
  1930 | D:2      | Killed Natasha
  1931 | D:2      | Reached XP level 4. HP: 11/28 MP: 5/7
  2401 | D:2      | Identified the +7 short sword "Pukufathum" {spect, Will+}
  2686 | D:3      | Identified the amulet "Suceliad" {Reflect Dex+4 SH+5}
  3388 | D:3      | Reached skill level 5 in Unarmed Combat
  3388 | D:3      | Reached XP level 5. HP: 18/33 MP: 8/8
  3532 | D:4      | Reached skill level 6 in Unarmed Combat
  3532 | D:4      | Reached XP level 6. HP: 17/38 MP: 9/9
  3535 | D:4      | Killed from afar by an orc priest

Illustrated notes

Levels and vault maps discovered:
D:1:      tarquinn_simple_flora_water_f, layout_loops_corners, nicolae_wormholes
D:2:      layout_basic, ebering_ecumenical_altar_sacrificial, uniq_natasha
D:3:      layout_loops_ring
D:4:      cheibrodos_pilgrimage, layout_loops_ring, portal_sewer_entry_e

Skill      XL: |  1  2  3  4  5 |
---------------+----------------+-----
Unarmed Combat | 4 5 6 |  6.3
Fighting       | |  1.4
Dodging        | |  2.2
Spellcasting   | |  2.2
Transmutations | |  2.2

Action                   |  1- 3 |  4- 6 || total
-------------------------+-------+-------++-------
Melee: Unarmed           |    78 |     7 ||    85
       Kick              |    27 |     1 ||    28
       Constrict         |    21 |     8 ||    29
       Tentacles         |    15 |     5 ||    20
       Punch             |     1 |       ||     1
       Short sword       |       |    26 ||    26
 Cast: Beastly Appendage |    26 |     5 ||    31
 Stab: Sleeping          |     7 |     2 ||     9
Armor: Skin              |     3 |     3 ||     6
Dodge: Dodged            |    48 |    11 ||    59
